 Dungeon Crawl Stone Soup version 0.17-a0-186-g8d083fd (webtiles) character file.

28 squibie the Magician (level 2, 0/15 HPs)
             Began as a Deep Elf Wizard on Mar 27, 2015.
             Slain by an ooze (4 damage)
             ... on level 1 of the Dungeon.
             The game lasted 00:04:29 (1350 turns).

squibie the Magician (Deep Elf Wizard)              Turns: 1350, Time: 00:04:29

Health: 0/15       AC:  2    Str:  4    XL:     2   Next: 96%
Magic:  0/11       EV: 12    Int: 22    God:
Gold:   40         SH:  0    Dex: 13    Spells: 3 memorised, 6 levels left

rFire  . . .     SeeInvis .     j - +0 dagger
rCold  . . .     Clarity  .     h - +0 robe
rNeg   . . .     SustAb   .     (no shield)
rPois  .         Gourm    .     b - +0 hat
rElec  .         Spirit   .     (no cloak)
rCorr  .         Warding  .     (no gloves)
rMut   .         Stasis   .     (no boots)
MR     .....                    (no amulet)
Stlth  ++........               (no ring)
                                (no ring)

@: very slightly contaminated, not resistant to hostile enchantments, unstealthy
A: no striking features
a: no special abilities


You were on level 1 of the Dungeon.
You were not hungry.

You visited 1 branch of the dungeon, and saw 1 of its levels.

You collected 40 gold pieces.

Inventory:

Hand weapons
 j - a +0 dagger (weapon)
Armour
 a - a +0 robe
 b - a +0 hat (worn)
 h - a +0 robe (worn)
Scrolls
 e - a scroll of identify {unknown}
 g - a scroll of remove curse {unknown}
Potions
 f - a potion of curing {unknown}
 i - 2 potions of resistance {unknown}
Books
 c - a book of Minor Magic

   Spells                             Type                      Level
   a - Magic Dart                     Conjuration                  1
   b - Blink                          Translocation                2
   c - Call Imp                       Summoning                    2
   d - Repel Missiles                 Charms/Air                   2
   e - Slow                           Hexes                        2
   f - Conjure Flame                  Conjuration/Fire             3
   g - Mephitic Cloud                 Conjuration/Poison/Air       3


   Skills:
 - Level 2.4 Dodging
 - Level 2.4 Stealth
 - Level 5.4 Spellcasting
 + Level 2.0 Conjurations
 - Level 1.1 Summonings
 - Level 1.1 Translocations


You had 6 spell levels left.
You knew the following spells:

 Your Spells              Type           Power        Failure   Level  Hunger
a - Magic Dart            Conj           ##..         6%          1    None
b - Call Imp              Summ           ##......     12%         2    None
c - Blink                 Tloc           N/A          12%         2    None


Dungeon Overview and Level Annotations

Branches:
Dungeon (1/15)

Altars:


Message History

Your crimson imp blinks!
The ooze misses you.
Your crimson imp hits the ooze.
You hit the ooze.
The ooze is moderately wounded.
The ooze closely misses your crimson imp.
Your crimson imp blinks!
Casting: Call Imp
Confirm with . or Enter, or press ? or * to list all spells.
A shadowy apparition takes form in the air.
The ooze barely misses you.
Your crimson imp blinks!
You hit the ooze.
The ooze is heavily wounded.
The ooze closely misses you.
Your crimson imp hits the ooze.
The ooze dies!
Your Conjurations skill increases to level 2!
You hit the ooze.
The ooze is heavily wounded.
The ooze hits you.
You die...

####.######.######.#
#..................#
#.###############.[#
#.#.............#..#
##.#.........5...#..# #..#
...wJ.... #..#
#..#######r#######..####
#..#....5Jr......#.....##
#..+⌠...@###....⌠'.......
#..#..§..5<......#..##.##
#..#..⌠...>...⌠..#..##.##
#..###+#######+###..##..#
#...................###.#
##..######.......###.##..#
########....####.........##....†.
...............+.........+.......
######.......###.........####....


You could see a worm, an ooze, a jelly, 2 rats, 2 friendly crimson imps and a
friendly shadow imp.

Vanquished Creatures
  A giant gecko (D:1)
  5 bats (D:1)
  2 giant cockroaches (D:1)
  A goblin (D:1)
  2 hobgoblins (D:1)
  2 kobolds (D:1)
  5 rats (D:1)
18 creatures vanquished.

Vanquished Creatures (collateral kills)
  2 oozes (D:1)
  2 giant cockroaches (D:1)
  A jackal (D:1)
  A rat (D:1)
6 creatures vanquished.

Vanquished Creatures (others)
  A white imp (D:1)
1 creature vanquished.

Grand Total: 25 creatures vanquished

Notes
Turn   | Place    | Note
--------------------------------------------------------------
     0 | D:1      | squibie, the Deep Elf Wizard, began the quest for the Orb.
     0 | D:1      | Reached XP level 1. HP: 10/10 MP: 6/6
     1 | D:1      | Found a runed door.
   313 | D:1      | Reached skill level 5 in Spellcasting
   559 | D:1      | Reached XP level 2. HP: 13/15 MP: 8/11
  1203 | D:1      | Noticed a jelly
  1277 | D:1      | Learned a level 2 spell: Call Imp
  1280 | D:1      | Learned a level 2 spell: Blink
  1350 | D:1      | Slain by an ooze

Action                   || total
-------------------------++-------
Melee: Unarmed           ||     4
       Dagger            ||    17
 Cast: Magic Dart        ||    51
       Call Imp          ||     4
  Eat: Bread ration      ||     1
